 Dungeon Crawl Stone Soup version 0.25-a0-670-g50981ef (webtiles) character file.

Game seed: 13615945716656490854, levelgen mode: deterministic

46 BlueFish the Slasher (level 3, -2/28 HPs)
             Began as a Demonspawn Gladiator on Mar 30, 2020.
             Slain by a worker ant (3 damage)
             ... on level 2 of the Dungeon.
             The game lasted 00:04:21 (976 turns).

BlueFish the Slasher (Demonspawn Gladiator)          Turns: 976, Time: 00:04:22

Health: -2/28      AC:  3    Str: 15    XL:     3   Next: 44%
Magic:  3/3        EV: 13    Int:  9    God:
Gold:   15         SH:  0    Dex: 14    Spells: 2/2 levels left

rFire    . . .     SeeInvis .   a - +0 long sword
rCold    . . .     Gourm    .   (no shield)
rNeg     . . .     Faith    .   b - +0 leather armour
rPois    .         Spirit   .   (helmet restricted)
rElec    .         Reflect  .   (no cloak)
rCorr    .         Harm     +   (no gloves)
MR       .....                  (no boots)
Stlth    +.........             h - amulet of harm
HPRegen  0.09/turn              (no ring)
MPRegen  0.08/turn              (no ring)

@: mighty, lethally poisoned (-2 -> -24), stab
A: horns 1
a: no special abilities


You were on level 2 of the Dungeon.
You were not hungry.

You visited 1 branch of the dungeon, and saw 2 of its levels.

You collected 15 gold pieces.

Inventory:

Hand Weapons
 a - a +0 long sword (weapon)
Missiles
 d - 3 throwing nets (quivered)
Armour
 b - a +0 leather armour (worn)
 c - a +0 helmet
Jewellery
 h - an amulet of harm (around neck)
Scrolls
 g - a scroll of fog
 m - 2 scrolls of teleportation
Potions
 e - a potion of magic
 k - a potion of cancellation
Comestibles
 f - 3 rations
 j - 6 chunks of flesh


   Skills:
 * Level 2.3 Fighting
 * Level 3.5 Long Blades
 + Level 1.9 Throwing
 + Level 3.0 Dodging
 + Level 0.1 Stealth


You had 2 spell levels left.
You didn't know any spells.
Your spell library was empty.

Dungeon Overview and Level Annotations

Branches:
Dungeon (2/15)

Altars:


Innate Abilities, Weirdness & Mutations

You have a pair of small horns on your head.


Message History

It was a potion of stabbing.
You feel ready to backstab.
* * * LOW HITPOINT WARNING * * *
You feel sick.
The worker ant bites you but does no damage.
You hit the worker ant.
The worker ant is heavily wounded.
* * * LOW HITPOINT WARNING * * *
You feel sick. The worker ant closely misses you. x2
You barely miss the worker ant. You headbutt the worker ant.
The worker ant is almost dead.
* * * LOW HITPOINT WARNING * * *
You feel sick. The worker ant bites you.
* * * LOW HITPOINT WARNING * * *
You are more poisoned.
The worker ant poisons you!
You feel very mighty all of a sudden.
* * * LOW HITPOINT WARNING * * *
You feel sick. The worker ant bites you.
You die...

####### ##.....#######
.#####..#.........#
.........##.#####.#
###.....##.# #.#
##...###.# ##.#####
##..###.# #......#
#......# #..###.#
#@###### #..# #.# #a#
#..###.# ... #....#.#
....$ #.##.#.# .......
##÷##.#.#
.........####...#.#.#
+.........+..........#
#(........####...#.###
#..≈♣♣♣≈♣# ##.##.#


You could see a worker ant.

Vanquished Creatures
  A gnoll (D:1)
  An ooze (D:1)
  A dart slug (D:2)
  A leopard gecko (D:1)
  7 bats
  2 giant cockroaches
  4 goblins
  4 hobgoblins
  3 kobolds (D:1)
  A frilled lizard (D:1)
  3 rats
28 creatures vanquished.

Notes
Turn   | Place    | Note
-------+----------+-------------------------------------------
     0 | D:1      | BlueFish the Demonspawn Gladiator began the quest for the
                  | Orb.
     0 | D:1      | Reached XP level 1. HP: 16/16 MP: 1/1
   214 | D:1      | Gained mutation: You have a pair of small horns on your
                  | head. [demonic ancestry]
   214 | D:1      | Reached XP level 2. HP: 22/22 MP: 2/2
   355 | D:1      | Reached XP level 3. HP: 21/27 MP: 3/3
   975 | D:2      | HP: 1/28 [worker ant (3)]
   976 | D:2      | Slain by a worker ant

Levels and vault maps discovered:
D:1:      eino_arrival_druids_welcome, layout_loops_ring
D:2:      layout_loops_corners, serial_bayou_ford_a, uniq_sigmund, uniq_natasha,
          uniq_jessica

Skill      XL: |  1  2  3 |
---------------+----------+-----
Long Blades    | 3 |  3.5
Dodging        | 3 |  3.0
Fighting       | |  2.3
Throwing       | |  1.9
Stealth        | |  0.1

Action                   || total
-------------------------++-------
Melee: Long sword        ||    81
       Headbutt          ||    12
  Use: Scroll            ||     5
       Potion            ||     2
 Stab: Sleeping          ||     1
Armor: Leather armour    ||    19
Dodge: Dodged            ||    63
       Rpst.: Long sword ||    21

Table legend:
 A = Non-vault XP
 B = Vault XP
 C = Vault XP percentage of total XP
 D = Non-vault monster count
 E = Vault monster count
 F = Vault count percentage of total count
                 A         B        C        D         E       F
            +---------+---------+-------+---------+---------+-------
      Total |      66 |       0 |   0.0 |      28 |       0 |   0.0
            +---------+---------+-------+---------+---------+-------
        D:1 |      51 |       0 |   0.0 |      20 |       0 |   0.0
        D:2 |      15 |       0 |   0.0 |       8 |       0 |   0.0
            +---------+---------+-------+---------+---------+-------
